 Dungeon Crawl Stone Soup version 0.30-a0-1124-g6e8f0f562f (webtiles) character file.

Game seed: 5112278471383508778

8291 cheesebisquit the Spear-Bearer (level 11, -3/89 HPs)
             Began as a Merfolk Gladiator on Apr 24, 2023.
             Was a Believer of Makhleb.
             Killed from afar by an acid dragon (23 damage)
             ... with a splash of acid
             ... on level 10 of the Dungeon.
             The game lasted 00:41:58 (12420 turns).

cheesebisquit the Spear-Bearer (Merfolk Gladiator) Turns: 12420, Time: 00:41:59

Health: -3/89      AC:  9    Str: 19    XL:     11   Next: 28%
Magic:  11/11      EV:  8    Int:  8    God:    Makhleb [**....]
Gold:   198        SH: 11    Dex: 15    Spells: 10/10 levels left

rFire   . . .        d - +5 spear (venom)
rCold   . . .        N - +2 kite shield {reflect}
rNeg    . . .        f - +0 plate armour
rPois   .            c - +0 helmet
rElec   .            k - +0 cloak {Stlth+}
rCorr   .            y - +0 pair of gloves
SInv    .            C - +0 pair of boots
Will    .....        (no amulet) Stlth
                     o - ring of wizardry
HPRegen 0.34/turn    (no ring)
MPRegen 0.12/turn

%: reflection, wizardry (x1)
@: corroded
A: (nimble swimmer 2), mertail
a: Renounce Religion, Minor Destruction


You were on level 10 of the Dungeon.
You worshipped Makhleb.
Makhleb was pleased with you.
You visited 2 branches of the dungeon, and saw 11 of its levels.
You also visited: Ossuary.

You collected 478 gold pieces.
You spent 280 gold pieces at shops.

Inventory:

Hand Weapons
 a - a +0 trident
 d - a +5 spear of venom (weapon)
 g - a +0 morningstar
 q - a +1 antimagic whip
 t - the +6 mace "Erao" {holy, *Noise rC+ Will+}
   (You found it on level 3 of the Dungeon)

   rC:        It protects you from cold.
   *Noise:    It may make noises in combat.
   Will:      It increases your willpower.
 z - a +0 scythe
 K - a +2 spear
 Q - the +6 shillelagh "Devastator" {shatter}
   (You found it on level 10 of the Dungeon)
Missiles
 e - a javelin
 p - 5 boomerangs (quivered)
 E - 4 curare-tipped darts
 F - 2 throwing nets
 P - a silver boomerang
Armour
 c - a +0 helmet (worn)
 f - a +0 plate armour (worn)
 k - a +0 cloak of stealth (worn)
 y - a +0 pair of gloves (worn)
 C - a +0 pair of boots (worn)
 N - a +2 kite shield of reflection (worn)
Jewellery
 o - a ring of wizardry (left hand)
Wands
 h - a wand of polymorph (2)
 x - a wand of flame (19)
 A - a wand of digging (5)
 I - a wand of iceblast (10)
 L - a wand of charming (12)
Scrolls
 b - 2 scrolls of amnesia
 m - a scroll of torment
 n - 3 scrolls of teleportation
 r - 2 scrolls of immolation {unknown}
 s - a scroll of brand weapon {unknown}
 u - a scroll of enchant armour {unknown}
 w - a scroll of acquirement {unknown}
 G - a scroll of fog
 H - a scroll of magic mapping {unknown}
 J - a scroll of vulnerability
 M - a scroll of summoning {unknown}
Potions
 i - 2 potions of flight
 j - 4 potions of attraction
 l - 6 potions of mutation
 v - a potion of ambrosia
 B - a potion of resistance
 D - 3 potions of brilliance {unknown}


   Skills:
 + Level 9.2 Fighting
 - Level 13.3 Polearms
 - Level 2.0 Throwing
 + Level 5.2 Armour
 + Level 11.3 Dodging
 + Level 4.1 Shields


You had 10 spell levels left.
You didn't know any spells.
Your spell library contained the following spells:

 Spells                   Type           Power      Damage    Failure   Level
 Freeze                   Ice            0%         1d3       100%        1
 Magic Dart               Conj           0%         1d3       100%        1
 Shock                    Conj/Air       0%         1d3       100%        1
 Slow                     Hex            0%         N/A       100%        1
 Blink                    Tloc           0%         N/A       100%        2
 Call Imp                 Summ           0%         N/A       100%        2
 Lesser Beckoning         Tloc           0%         N/A       100%        2
 Momentum Strike          Conj/Tloc      0%         3d8       100%        2
 Confusing Touch          Hex            0%         N/A       100%        3
 Frozen Ramparts          Ice            0%         1d1       100%        3
 Hailstorm                Conj/Ice       0%         3d3       100%        3
 Mephitic Cloud           Conj/Pois/Air  0%         N/A       100%        3
 Ozocubu's Armour         Ice            0%         N/A       100%        3
 Swiftness                Air            0%         N/A       100%        3
 Vampiric Draining        Necr           0%         2d6       100%        3
 Airstrike                Air            0%         2d(0-16)  100%        4
 Metabolic Englaciation   Hex/Ice        0%         N/A       100%        5
 Simulacrum               Ice/Necr       0%         N/A       100%        6


Dungeon Overview and Level Annotations

Branches:
Dungeon (10/15)            Temple (1/1) D:7            Lair (0/5) D:8
    Orc (0/2) D:9         Ossuary (visited)

Altars:
Ashenzari
Cheibriados
Dithmenos
Elyvilon
Fedhas
Gozag
Hepliaklqana
Kikubaaqudgha
Makhleb
Nemelex Xobeh
Okawaru
Qazlal
Ru
Sif Muna
Trog
Uskayaw
Vehumet
Wu Jian
Xom
Yredelemnul
Zin
The Shining One

Shops:
D:2 :   D:5 *

Annotations:
D:3 Grinder
D:8 3 runed translucent doors, 13Fox's ghost, novice DsHu


Innate Abilities, Weirdness & Mutations

((You are very nimble when in or above water. (Stealth+, EV+, Speed+++)))
Your lower body shifts to a powerful aquatic tail in water.


Message History

The freezing wraith is almost destroyed.
The freezing wraith hits you but does no damage.
You block the freezing wraith's attack.
You hit the freezing wraith.
The freezing wraith is almost destroyed.
You hit the freezing wraith.
You destroy the freezing wraith!
Makhleb accepts your kill.
You feel better.
An acid dragon is nearby!
The acid dragon roars!
The acid dragon spits acid at you. The splash of acid hits you!!
The acid corrodes you!
You hear two shouts!
You reach to attack!
You closely miss the acid dragon. You completely miss the acid dragon.
You hit the acid dragon.
The acid dragon is lightly wounded.
You block the acid dragon's attack. The acid dragon claws you.
A two-headed ogre comes into view.
It is wielding a +0 giant spiked club and a +0 giant club.
You hit the acid dragon but do no damage.
The acid dragon is poisoned.
The acid dragon is lightly wounded.
The acid dragon spits acid at you. The splash of acid hits you!!
* * * LOW HITPOINT WARNING * * *
The acid corrodes you!
You hit the acid dragon but do no damage.
The acid dragon is lightly wounded.
You hit the acid dragon but do no damage.
The acid dragon is lightly wounded.
You block the acid dragon's attack. The acid dragon claws you.
* * * LOW HITPOINT WARNING * * *
Okay, then.
Blink to where?
Press: ? - help, Dir - move target, p - acid dragon
As you read the scroll of blinking, it crumbles to dust.
The acid dragon spits acid at you. The splash of acid hits you!!
You die...

#.........# .)....#
#........## ......#
#........# ### ##......#
##.......# ##.## ##O......#
# ##.....####...###..#....##
# ##.......##....##.## ...#
# #..#...#.##....#§## .##
###..............D.# #
.#..#.#######...@.## )#....#
#. #.....## #.....# ^§
#......#
.)..#########......# ###
....#$+^....'......# #.##
..#.#########......#####..##
..#...# ^^^#..#..#..).....#
....).# #.# #........##....#
##....#######....######....#


You could see a two-headed ogre and an acid dragon (very poisoned, catching
breath).

Vanquished Creatures
  2 two-headed ogres
  Pikel (D:6)
  A gargoyle (D:10)
  A freezing wraith (D:10)
  2 hornets
  Sigmund (D:4)
  5 yaks (D:9)
  2 wraiths (Ossuary)
  Eustachio (D:5)
  A steam dragon (D:9)
  Menkaure (D:5)
  A water moccasin (D:8)
  4 ice beasts
  A sky beast (D:7)
  6 orc warriors
  An ogre (D:7)
  4 centaurs
  2 phantoms (D:6)
  A kobold brigand (D:9)
  Blork the orc (D:5)
  A gnoll sergeant (D:9)
  4 bullfrogs
  3 scorpions
  7 wights
  5 killer bees
  5 howler monkeys
  4 hounds
  3 jellies
  6 orc priests
  A sleepcap (D:7)
  Ijyb (D:5)
  3 orc wizards (D:9)
  5 iguanas
  7 gnolls
  6 adders
  2 white imps (D:7)
  3 worms
  2 dart slugs (D:2)
  58 orcs
  6 bats
  5 endoplasms
  6 giant cockroaches
  7 goblins
  5 hobgoblins
  6 jackals
  4 quokkas
  11 ball pythons
  A ball python skeleton (Ossuary)
  2 frilled lizards
  3 hobgoblin zombies (Ossuary)
  13 kobolds
  2 orc skeletons (Ossuary)
  2 orc zombies (Ossuary)
  2 rats
240 creatures vanquished.

Vanquished Creatures (others)
  Maurice (D:8)
1 creature vanquished.

Grand Total: 241 creatures vanquished

Notes
Turn   | Place    | Note
-------+----------+-------------------------------------------
     0 | D:1      | cheesebisquit the Merfolk Gladiator began the quest for the
                  | Orb.
     0 | D:1      | Reached XP level 1. HP: 16/16 MP: 1/1
   193 | D:1      | Reached XP level 2. HP: 21/23 MP: 2/2
   547 | D:1      | Reached XP level 3. HP: 28/28 MP: 3/3
  1041 | D:2      | Reached skill level 5 in Polearms
  1297 | D:2      | Found Agyv's Book Emporium.
  1556 | D:2      | Reached XP level 4. HP: 34/34 MP: 4/4
  2006 | D:3      | Noticed a scorpion
  2117 | D:3      | Noticed Grinder
  2122 | D:3      | Paralysed by Grinder for 3 turns
  2266 | D:3      | Paralysed by Grinder for 3 turns
  2340 | D:3      | Identified the +6 mace "Erao" {holy, *Noise rC+ Will+}
  2493 | D:3      | Killed a scorpion
  2494 | D:3      | Reached skill level 6 in Polearms
  2494 | D:3      | Reached skill level 5 in Dodging
  2494 | D:3      | Reached XP level 5. HP: 25/41 MP: 5/5
  2610 | D:3      | Found an ornate altar of the Wu Jian Council.
  2948 | D:3      | Found a hazy altar of Hepliaklqana.
  2950 | D:3      | Found a sparkling altar of Nemelex Xobeh.
  2950 | D:3      | Found a shadowy altar of Dithmenos.
  2952 | D:3      | Found a shimmering altar of Xom.
  2952 | D:3      | Found an iron altar of Okawaru.
  2952 | D:3      | Found a burning altar of Makhleb.
  3260 | D:4      | Noticed Sigmund
  3430 | D:4      | Reached XP level 6. HP: 46/48 MP: 6/6
  3547 | D:4      | Reached skill level 7 in Polearms
  3676 | D:4      | Found a sparkling altar of Nemelex Xobeh.
  3815 | D:4      | Killed Sigmund
  3816 | D:4      | Reached skill level 8 in Polearms
  3816 | D:4      | Reached XP level 7. HP: 45/55 MP: 7/7
  4294 | D:5      | Entered Level 5 of the Dungeon
  4294 | D:5      | Noticed Menkaure
  4345 | D:5      | Noticed Ijyb
  4351 | D:5      | Killed Ijyb
  4407 | D:5      | Noticed Blork the orc
  4417 | D:5      | Killed Blork the orc
  4528 | D:5      | Reached skill level 5 in Fighting
  4577 | D:5      | Reached skill level 9 in Polearms
  4577 | D:5      | Reached XP level 8. HP: 36/62 MP: 8/8
  4680 | D:5      | Noticed Eustachio
  4698 | D:5      | Killed Eustachio
  4702 | D:5      | Killed Menkaure
  4703 | D:5      | Reached skill level 1 in Armour
  4922 | D:5      | Found a glowing golden altar of the Shining One.
  5207 | D:5      | Found Qajaefaj's General Store.
  5212 | D:5      | Bought a potion of curing for 33 gold pieces
  5212 | D:5      | Bought a scroll of identify for 22 gold pieces
  5212 | D:5      | Bought a scroll of identify for 22 gold pieces
  5607 | D:6      | Reached skill level 10 in Polearms
  6010 | D:6      | Reached XP level 9. HP: 55/69 MP: 9/9
  6074 | D:6      | Found a hide-covered altar of Uskayaw.
  6260 | D:6      | Noticed a hornet
  6268 | D:6      | Paralysed by a hornet for 1 turns
  6272 | D:6      | Paralysed by a hornet for 2 turns
  6279 | D:6      | Paralysed by a hornet for 3 turns
  6283 | D:6      | Killed a hornet
  6421 | D:6      | Noticed Pikel
  6435 | D:6      | Killed Pikel
  6436 | D:6      | Reached skill level 11 in Polearms
  6696 | D:7      | Found a stormy altar of Qazlal.
  7163 | D:7      | Reached skill level 12 in Polearms
  7233 | D:7      | Found a staircase to the Ecumenical Temple.
  7241 | Temple   | Entered the Ecumenical Temple
  7241 | Temple   | Found a transporter.
  7241 | Temple   | Found a transporter.
  7243 | Temple   | Found a transporter.
  7243 | Temple   | Found a transporter.
  7271 | Temple   | Became a worshipper of Makhleb the Destroyer
  7599 | D:7      | Reached XP level 10. HP: 68/79 MP: 10/10
  8387 | D:8      | Found a sand-covered staircase.
  8394 | Ossuary  | Entered an ossuary
  8857 | D:8      | Noticed Maurice
  9137 | D:8      | Killed Maurice
  9138 | D:8      | Reached skill level 13 in Polearms
  9486 | D:8      | Found a runed translucent gate.
  9486 | D:8      | Found a runed translucent gate.
  9487 | D:8      | Found a runed translucent gate.
  9487 | D:8      | Noticed 13Fox's ghost (novice DsHu)
  9828 | D:8      | Found a staircase to the Lair.
 10099 | D:5      | Bought a +2 kite shield of reflection for 203 gold pieces
 10304 | D:9      | Reached skill level 10 in Dodging
 10314 | D:9      | Reached skill level 1 in Shields
 10401 | D:9      | Found a white marble altar of Elyvilon.
 10517 | D:9      | Reached * piety under Makhleb
 10755 | D:9      | Found a staircase to the Orcish Mines.
 10959 | D:9      | Noticed a two-headed ogre
 11342 | D:9      | Killed a two-headed ogre
 11343 | D:9      | Reached XP level 11. HP: 87/87 MP: 11/11
 11387 | D:9      | Noticed a brown ugly thing
 11669 | D:10     | Entered Level 10 of the Dungeon
 11675 | D:10     | Noticed a two-headed ogre
 11686 | D:10     | Killed a two-headed ogre
 11687 | D:10     | Reached skill level 5 in Armour
 11872 | D:10     | Reached ** piety under Makhleb
 12195 | D:10     | Found the +6 shillelagh "Devastator" {shatter}
 12416 | D:10     | Noticed a two-headed ogre
 12420 | D:10     | Killed from afar by an acid dragon

Illustrated notes

Levels and vault maps discovered:
D:1:      amcnicky_arrival_flooded_fountain, layout_basic, nicolae_titane
D:2:      layout_loops_ring, serial_shops, shop, amcnicky_mini_pool_small,
          minmay_puff
D:3:      layout_basic, doesnt_xom_only_xom, nicolae_wu_jian_wuxing_cycle,
          uniq_grinder
D:4:      layout_loops_ring, old_standard_altar, uniq_sigmund
D:5:      layout_loops_ring, nicolae_tso_carved_into_rock, serial_shops, shop,
          uniq_eustachio, uniq_ijyb, uniq_blork_the_orc, uniq_menkaure
D:6:      layout_cave_pods, mainiacjoe_overflow_alcove_1, glass_columns_b,
          uniq_pikel
D:7:      layout_cave_pods, nicolae_qazlal_scattered_showers,
          minmay_temple_entry_slanted, grunt_ogre_cave
D:8:      layout_basic, lair_entry_dummy, gammafunk_ghost_split,
          chequers_ossuary_entry_cave, uniq_maurice
D:9:      layout_loops_corners, mainiacjoe_overflow_brackets, david_orc_2,
          onia_ninara_dug_in_and_dangerous
D:10:     layout_cave_pods, special_room [special_room_orc], grunt_tough_drop
Temple:   hellmonk_temple_divided_pantheon

Skill      XL: |  1  2  3  4  5  6  7  8  9 10 11 |
---------------+----------------------------------+-----
Polearms       | 5 6 8 9 10 12 13 | 13.3
Fighting       | 3 4 5 6 7 8 9 |  9.2
Dodging        | 5 6 8 9 10 11 | 11.3
Armour         | 2 3 4 5 |  5.2
Shields        | 3 4 |  4.1
Throwing       | |  2.0

Action                     |  1- 3 |  4- 6 |  7- 9 | 10-12 || total
---------------------------+-------+-------+-------+-------++-------
  Melee: Trident           |   131 |   195 |       |       ||   326
         Unarmed           |     4 |       |     3 |       ||     7
         Punch             |     1 |     1 |       |       ||     2
         Halberd           |       |       |   261 |   128 ||   389
         Spear             |       |       |       |   275 ||   275
  Throw: Throwing net      |       |     4 |     3 |       ||     7
         Boomerang         |       |       |     6 |    58 ||    64
         Dart              |       |       |       |     3 ||     3
  Evoke: Wand              |       |     1 |     4 |     4 ||     9
    Use: Potion            |     1 |       |     3 |     8 ||    12
         Scroll            |       |       |    14 |     9 ||    23
   Stab: Held in net/web   |       |     2 |     1 |       ||     3
 Armour: Plate armour      |    81 |    96 |   110 |   151 ||   438
         Skin              |     5 |       |     1 |       ||     6
  Dodge: Dodged            |    22 |    41 |    67 |    97 ||   227
  Block: Kite shield       |       |       |       |    70 ||    70
         Reflection        |       |       |       |     6 ||     6

Table legend: (Time is in decaauts)
 A = Elapsed time spent in this place.
 B = Non-inter-level travel time spent in this place.
 C = Inter-level travel time spent in this place.
 D = Time resting spent in this place.
 E = Time spent auto-exploring this place.
 F = Levels seen in this place.
 G = Mean time per level.
                   A        B        C        D        E       F      G
               +--------+--------+--------+--------+--------+-----+--------+
         Total |  12335 |  11128 |   1207 |    334 |   8766 |  12 | 1027.9 |
       Dungeon |  11864 |  10688 |   1176 |    334 |   8453 |  10 | 1186.4 |
        Temple |     48 |     17 |     31 |      0 |      6 |   1 |   48.0 |
       Ossuary |    422 |    422 |      0 |      0 |    306 |   1 |  422.0 |
               +--------+--------+--------+--------+--------+-----+--------+

Top non-repeatable levels by time:
     D:7: 1634 daAuts
     D:9: 1442 daAuts
     D:8: 1377 daAuts
     D:5: 1304 daAuts
     D:6: 1258 daAuts
     D:2: 1198 daAuts
     D:3: 1126 daAuts
     D:1: 1016 daAuts
     D:4: 980 daAuts
    D:10: 525 daAuts
 Ossuary: 422 daAuts
  Temple: 48 daAuts
